 Dungeon Crawl Stone Soup version 0.29-a0-330-g52719c12eb (webtiles) character file.

Game seed: 9054442849886561991

17 Miritol the Bolt Thrower (level 2, -5/17 HPs)
             Began as a Tengu Hunter on May 8, 2022.
             Slain by a gnoll
             ... wielding a +0 spear
              (6 damage)
             ... on level 1 of the Dungeon.
             The game lasted 00:02:00 (182 turns).

Miritol the Bolt Thrower (Tengu Hunter)              Turns: 182, Time: 00:02:01

Health: -5/17      AC:  3    Str: 11    XL:     2   Next: 62%
Magic:  3/3        EV: 12    Int:  9    God:
Gold:   7          SH:  0    Dex: 17    Spells: 1/1 levels left

rFire   . . .      SeeInvis .   a - +1 hand crossbow
rCold   . . .      Faith    .   (no shield)
rNeg    . . .      Spirit   .   b - +0 leather armour
rPois   .          Reflect  .   (helmet restricted)
rElec   .          Harm     .   (no cloak)
rCorr   .          Rampage  .   (no gloves)
Will    .....                   (boots unavailable)
Stlth   ++........              (no amulet)
HPRegen 0.05/turn               (no ring)
MPRegen 0.08/turn               (no ring)

@: no status effects
A: beak, talons 3
a: no special abilities


You were on level 1 of the Dungeon.
You visited 1 branch of the dungeon, and saw 1 of its levels.

You collected 7 gold pieces.

Inventory:

Hand Weapons
 a - a +1 hand crossbow (weapon)
 e - a +0 falchion
Armour
 b - a +0 leather armour (worn)
Scrolls
 c - a scroll of immolation
 d - a scroll of teleportation {unknown}
 g - a scroll of blinking {unknown}
Potions
 f - a potion of heal wounds {unknown}


   Skills:
 - Level 2.0 Fighting
 + Level 4.8 Crossbows
 + Level 1.5 Armour
 - Level 2.1 Dodging
 - Level 1.0 Stealth


You had one spell level left.
You didn't know any spells.
Your spell library was empty.

Dungeon Overview and Level Annotations

Branches:
Dungeon (1/15)

Altars:


Innate Abilities, Weirdness & Mutations

You have a beak for a mouth.
You have claws for feet.


Message History

No target in view!
An endoplasm is nearby!
You shoot a bolt. The bolt hits the endoplasm.
You kill the endoplasm!
An endoplasm comes into view.
The endoplasm quivers.
You shoot a bolt. The bolt hits the endoplasm!
You kill the endoplasm!
No target in view!
A gnoll comes into view. It is wielding a +0 spear.
The gnoll shouts!
You shoot a bolt.
The bolt hits the gnoll but does no damage.
You shoot a bolt. The bolt hits the gnoll.
The gnoll is moderately wounded.
You shoot a bolt. The bolt hits the gnoll.
The gnoll is heavily wounded.
You shoot a bolt. The bolt closely misses the gnoll.
The gnoll hits you from afar with a +0 spear. x2
You shoot a bolt. The bolt hits the gnoll.
The gnoll is heavily wounded.
The gnoll closely misses you.
You shoot a bolt. The bolt hits the gnoll.
The gnoll is almost dead.
The gnoll hits you from afar with a +0 spear.
You are too injured to fight recklessly!
You are too injured to fight recklessly!
Shoot: a) +1 hand crossbow
Press: ? - help, Q - select action Shift-Dir - straight line, f/p - gnoll
Aim: a gnoll, wielding a +0 spear (almost dead, 69% to hit)
You shoot a bolt. The bolt barely misses the gnoll.
The gnoll hits you from afar with a +0 spear.
* * * LOW HITPOINT WARNING * * *
The gnoll misses you.
Shoot: a) +1 hand crossbow
Press: ? - help, Q - select action Shift-Dir - straight line, f/p - gnoll
Aim: a gnoll, wielding a +0 spear (almost dead, 69% to hit)
You shoot a bolt. The bolt barely misses the gnoll.
The gnoll hits you from afar with a +0 spear.
You die...

#.#####.### #.#
#.######## #.#
#......... ..#
#.####.###
#.#####.# #.###
#.......# ##...##
#
####.######.###.##
.# #.......##
##.#..## #.#####†#
#@....# #.# #.#
#.#...# #.# ##.
.#g...# #.# .. .#
..#.# #.# .###
..#.# ..# .# ... #
.. .# $..# .# ...#


You could see a gnoll.

Vanquished Creatures
  A dart slug (D:1)
  A ball python (D:1)
  3 endoplasms (D:1)
  A giant cockroach (D:1)
  A hobgoblin (D:1)
  A quokka (D:1)
  2 bats (D:1)
  2 frilled lizards (D:1)
  2 goblins (D:1)
  A rat (D:1)
15 creatures vanquished.

Notes
Turn   | Place    | Note
-------+----------+-------------------------------------------
     0 | D:1      | Miritol the Tengu Hunter began the quest for the Orb.
     0 | D:1      | Reached XP level 1. HP: 12/12 MP: 2/2
    69 | D:1      | Reached skill level 1 in Armour
    77 | D:1      | Reached XP level 2. HP: 17/17 MP: 3/3
   182 | D:1      | Slain by a gnoll

Illustrated notes

Levels and vault maps discovered:
D:1:      lightli_arrival_quake, layout_loops_ring,
          dreamdust_ecumenical_altar_sealed_demon

Skill      XL: |  1 |
---------------+----+-----
Armour         | 1 |  1.5
Fighting       | |  2.0
Crossbows      | |  4.8
Dodging        | |  2.1
Stealth        | |  1.0

Action                   || total
-------------------------++-------
 Fire: Hand crossbow     ||    43
Armor: Leather armour    ||     6
Dodge: Dodged            ||    11

Table legend: (Time is in decaauts)
 A = Elapsed time spent in this place.
 B = Non-inter-level travel time spent in this place.
 C = Inter-level travel time spent in this place.
 D = Time resting spent in this place.
 E = Time spent auto-exploring this place.
 F = Levels seen in this place.
 G = Mean time per level.
                   A        B        C        D        E       F      G
               +--------+--------+--------+--------+--------+-----+--------+
         Total |    195 |    195 |      0 |      0 |    113 |   1 |  195.0 |
       Dungeon |    195 |    195 |      0 |      0 |    113 |   1 |  195.0 |
               +--------+--------+--------+--------+--------+-----+--------+

Top non-repeatable levels by time:
     D:1: 195 daAuts
